 Dungeon Crawl Stone Soup version 0.22-a0-456-g11ed031 (webtiles) character file.

1030 pk666 the Magician (level 8, -9/40 (41) HPs)
             Began as a Deep Elf Fire Elementalist on June 7, 2018.
             Killed by divine providence
             ... invoked by an orc priest
              (11 damage)
             ... on level 5 of the Dungeon.
             The game lasted 00:18:16 (5160 turns).

pk666 the Magician (Deep Elf Fire Elementalist)     Turns: 5160, Time: 00:18:17

HP:   -9/40 (41)    AC:  4    Str:  5    XL:     8   Next: 3%
MP:   7/20          EV: 13    Int: 23    God:
Gold: 260           SH:  0    Dex: 15    Spells: 8/21 levels left

rFire    + . .     SeeInvis .   (no weapon)
rCold    + . .     Gourm    .   (no shield)
rNeg     . . .     Faith    .   a - +0 robe
rPois    .         Spirit   .   (no helmet)
rElec    .         Reflect  .   j - scarf {rC+ rF+}
rCorr    .         Harm     .   s - +0 pair of gloves (curse)
MR       +....                  f - +0 pair of boots
Stlth    +++.......             (no amulet)
HPRegen  0.13/turn              e - ring of stealth (curse)
MPRegen  0.17/turn              t - ring of protection from magic

@: no status effects
A: no striking features
a: no special abilities


You were on level 5 of the Dungeon.
You were not hungry.

You visited 1 branch of the dungeon, and saw 5 of its levels.

You collected 260 gold pieces.

Inventory:

Armour
 a - a +0 robe (worn)
 f - a +0 pair of boots (worn)
 j - a scarf of resistance (worn)
 s - a cursed +0 pair of gloves (worn)
Jewellery
 e - a cursed ring of stealth (left hand)
 t - a ring of protection from magic (right hand)
Wands
 r - a wand of random effects (21)
Scrolls
 b - a scroll of identify {unknown}
 h - a scroll of enchant weapon {unknown}
 i - a scroll of magic mapping {unknown}
 k - 2 scrolls of fear {unknown}
 m - 3 scrolls of remove curse {unknown}
 n - 3 scrolls of enchant armour {unknown}
 o - a scroll of teleportation {unknown}
Potions
 d - 3 potions of might
 g - a potion of flight {unknown}
 l - 2 potions of degeneration {unknown}
 p - 2 potions of curing {unknown}
Comestibles
 c - 7 rations
 q - 3 chunks of flesh


   Skills:
 - Level 2.4 Dodging
 - Level 2.4 Stealth
 + Level 7.3 Spellcasting
 + Level 6.5 Conjurations
 + Level 6.4 Fire Magic


You had 8 spell levels left.
You knew the following spells:

 Your Spells              Type           Power        Failure   Level  Hunger
a - Flame Tongue          Conj/Fire      #####        1%          1    None
b - Sticky Flame          Conj/Fire      #####...     5%          4    ###....
c - Conjure Flame         Conj/Fire      #####...     1%          3    None
z - Fireball              Conj/Fire      #####.....   14%         5    #####..

Your spell library contained the following spells:

 Spells                   Type           Power        Failure   Level  Hunger
 Confuse                  Hex            #.......     22%         3    None
 Throw Flame              Conj/Fire      #####.       1%          2    None
 Tukima's Dance           Hex            #.......     22%         3    None
 Ensorcelled Hibernation  Hex/Ice        #.....       12%         2    None
 Corona                   Hex            #......      8%          1    None
 Inner Flame              Hex/Fire       ###.....     6%          3    None
 Dazzling Spray           Conj/Hex       ###...       6%          3    None


Dungeon Overview and Level Annotations

Branches:
Dungeon (5/15)
 Temple: D:4-7

Altars:
Qazlal
Xom


Message History

Confirm with . or Enter, or press ? or * to list all spells.
Aiming: Flame Tongue (safe; 1% risk of failure)
Press: ? - help, Shift-Dir - straight line, f/p - orc priest
Aim: an orc priest, wielding a trident and wearing a chain mail (heavily wounded, unusually strong)
The flame tongue hits the orc.
You kill the orc!
The orc priest hits you from afar with a trident.
Casting: Flame Tongue (safe; 1% risk of failure)
Confirm with . or Enter, or press ? or * to list all spells.
Aiming: Flame Tongue (safe; 1% risk of failure)
Press: ? - help, Shift-Dir - straight line, f/p - orc priest
Aim: an orc priest, wielding a trident and wearing a chain mail (heavily wounded, unusually strong)
The flame tongue hits the jackal skeleton.
You destroy the jackal skeleton!
The orc priest hits you from afar with a trident!
* * * LOW HITPOINT WARNING * * *
You see here a pair of gloves.
The orc priest invokes the aid of Beogh against you.
Beogh smites you!
You die...

#...##.####.### #..............
#.............. #..............
#...##+####.##. ##########...##.#
##.##< #.................#.....
#.....รท...........#.....
#......@..........#.....
#.....[......##...##....
#............##...##....
#....o............#.....
########[####..>.##...+.....
####...###.).###....##...##....
.........).[.........#...##.... .
.......).)..........##...##....
o.....................##...##....


You could see an orc priest.

Vanquished Creatures
  Sigmund (D:2)
  Duvessa (D:4)
  A necrophage (D:4)
  2 ogres
  A bullfrog (D:4)
  Dowan (D:4)
  A quasit (D:4)
  A hound (D:4)
  An orc wizard (D:5)
  A centaur skeleton (D:5)
  2 iguanas
  Terence (D:2)
  2 worker ants
  An adder (D:5)
  4 gnolls (D:2)
  4 oozes
  2 adder skeletons
  A worm (D:2)
  3 dart slugs
  3 leopard geckos
  6 orcs (D:5)
  5 bats
  6 giant cockroaches
  9 goblins
  6 hobgoblins
  8 jackals
  2 quokkas
  2 ball pythons
  4 frilled lizards
  A jackal skeleton (D:5)
  7 kobolds
  3 rats
93 creatures vanquished.

Notes
Turn   | Place    | Note
-------+----------+-------------------------------------------
     0 | D:1      | pk666 the Deep Elf Fire Elementalist began the quest for the Orb.
     0 | D:1      | Reached XP level 1. HP: 10/10 MP: 6/6
   194 | D:1      | Reached XP level 2. HP: 15/15 MP: 6/8
   660 | D:1      | Reached XP level 3. HP: 19/19 MP: 7/10
  1029 | D:2      | Noticed Terence
  1436 | D:2      | Reached XP level 4. HP: 24/24 MP: 8/11
  1438 | D:2      | Reached skill level 4 in Spellcasting
  1507 | D:2      | Learned a level 4 spell: Sticky Flame
  1511 | D:2      | Learned a level 3 spell: Conjure Flame
  1530 | D:2      | Killed Terence
  1850 | D:2      | Noticed Sigmund
  2090 | D:2      | Killed Sigmund
  2090 | D:2      | Reached XP level 5. HP: 17/28 MP: 9/14
  2090 | D:2      | Reached XP level 6. HP: 19/32 MP: 9/15
  2438 | D:3      | Reached skill level 5 in Spellcasting
  3142 | D:4      | Reached skill level 5 in Conjurations
  3242 | D:4      | Reached skill level 5 in Fire Magic
  3313 | D:4      | Noticed Duvessa
  3313 | D:4      | Noticed Dowan
  3771 | D:4      | Reached XP level 7. HP: 23/36 MP: 9/17
  4162 | D:4      | Killed Dowan
  4162 | D:4      | Reached skill level 6 in Spellcasting
  4327 | D:4      | Killed Duvessa
  4571 | D:5      | Entered Level 5 of the Dungeon
  4685 | D:4      | Learned a level 5 spell: Fireball
  4748 | D:5      | Found a stormy altar of Qazlal.
  4854 | D:5      | Reached skill level 7 in Spellcasting
  4884 | D:5      | Found a shimmering altar of Xom.
  5141 | D:5      | Reached XP level 8. HP: 29/40 MP: 16/20
  5157 | D:5      | HP: 2/40 [orc priest/trident (12)]
  5160 | D:5      | Killed from afar by an orc priest

Vault maps used:
D:1:      mrwooster_arrival_statue_3, amethyst_killhole, kennysheep_minor_cross
D:2:      lemuel_upstairs_altar, uniq_sigmund, uniq_terence
D:4:      serial_forest, infiniplex_forest_clump_C,
          infiniplex_forest_clump_double, infiniplex_forest_lined_ring,
          infiniplex_forest_clump_curved, infiniplex_forest_straight_5,
          infiniplex_forest_corner_1, infiniplex_forest_lined_room_2,
          infiniplex_forest_lined_3, ldierk_geyser, uniq_duvessa
D:5:      lemuel_crystal_altar, first_ration, brannock_xom_greatest_gift

Skill      XL: |  1  2  3  4  5  6  7 |
---------------+----------------------+-----
Conjurations   | 2 3 4 5 6 |  6.5
Spellcasting   | 4 5 7 |  7.3
Fire Magic     | 4 5 6 |  6.4
Dodging        | |  2.4
Stealth        | |  2.4

Action                   |  1- 3 |  4- 6 |  7- 9 || total
-------------------------+-------+-------+-------++-------
Melee: Unarmed           |       |     1 |       ||     1
 Cast: Flame Tongue      |    67 |    97 |    70 ||   234
       Conjure Flame     |       |     4 |     4 ||     8
       Sticky Flame      |       |     2 |     3 ||     5
  Eat: Chunk             |       |     8 |     6 ||    14
Armor: Robe              |    12 |    16 |    13 ||    41
Dodge: Dodged            |    28 |    29 |    23 ||    80

Table legend:
 A = Spawn XP
 B = Non-spawn XP
 C = Spawn XP percentage of total XP
 D = Spawn monster count
 E = Non-spawn monster count
 F = Spawn count percentage of total count
 G = Total turns spent on level
                    A         B        C        D         E        F      G
               +---------+---------+-------+---------+---------+-------+---------
         Total |       0 |    1472 |   0.0 |       0 |      93 |   0.0 |  5160
               +---------+---------+-------+---------+---------+-------+---------
           D:1 |       0 |      44 |   0.0 |       0 |      23 |   0.0 |  1371
           D:2 |       0 |     339 |   0.0 |       0 |      19 |   0.0 |   948
           D:3 |       0 |      35 |   0.0 |       0 |      15 |   0.0 |   840
           D:4 |       0 |     718 |   0.0 |       0 |      14 |   0.0 |  1517
           D:5 |       0 |     336 |   0.0 |       0 |      22 |   0.0 |   484
               +---------+---------+-------+---------+---------+-------+---------
